 Dungeon Crawl Stone Soup version 0.29.1-13-g9f3cf754e1 (webtiles) character file.

Game seed: 9896016594875861986

5397 Exodus22XD the Cleaver (level 10, -5/88 HPs)
             Began as a Minotaur Fighter on Feb 3, 2023.
             Was an Elder of the Shining One.
             Slain by a spark wasp (shapeshifter) (19 damage)
             ... on level 8 of the Dungeon.
             The game lasted 00:17:04 (8639 turns).

Exodus22XD the Cleaver (Minotaur Fighter)           Turns: 8639, Time: 00:17:08

Health: -5/88      AC: 29    Str: 25    XL:     10   Next: 40%
Magic:  11/14      EV:  7    Int:  5    God:    the Shining One [****..]
Gold:   555        SH: 19    Dex: 10    Spells: 9/9 levels left

rFire   . . .      SeeInvis .   E - +0 hand axe (holy)
rCold   . . .      Faith    .   c - +0 buckler
rNeg    + + .      Spirit   .   F - +13 plate armour of the Unbroken {rElec}
rPois   .          Reflect  +   (helmet restricted)
rElec   +          Harm     .   x - +0 cloak
rCorr   .          Rampage  .   e - +0 pair of gloves
Will    .....                   (no boots)
Stlth   ..........              k - amulet of reflection
HPRegen 0.24/turn               (no ring)
MPRegen 0.14/turn               (no ring)

@: lethally poisoned (-5 -> -12), divinely shielded, glowing
A: horns 2, retaliatory headbutt
a: Renounce Religion, Divine Shield, Cleansing Flame


You were on level 8 of the Dungeon.
You worshipped the Shining One.
The Shining One was greatly pleased with you.
You visited 1 branch of the dungeon, and saw 8 of its levels.
You also visited: Sewer.

You collected 555 gold pieces.

Inventory:

Hand Weapons
 a - a +0 war axe
 E - a +0 hand axe of holy wrath (weapon)
 I - a +0 trident
Armour
 c - a +0 buckler (worn)
 e - a +0 pair of gloves (worn)
 v - a +2 scale mail of cold resistance
 x - a +0 cloak (worn)
 F - the +13 plate armour of the Unbroken (worn) {rElec}
   (You found it on level 2 of the Dungeon)

   rElec:     It insulates you from electricity.
Jewellery
 f - a ring of fire
 k - an amulet of reflection (around neck)
 G - an amulet of guardian spirit
 J - a ring of fire
Wands
 m - a wand of digging (9)
 q - a wand of flame (9)
 D - a wand of roots (11)
Scrolls
 g - a scroll of blinking
 h - a scroll of enchant armour
 j - 8 scrolls of teleportation
 l - a scroll of summoning
 n - a scroll of vulnerability {unknown}
 p - 2 scrolls of fear {unknown}
 t - 2 scrolls of enchant weapon {unknown}
 u - a scroll of magic mapping {unknown}
 y - 2 scrolls of poison {unknown}
 z - a scroll of immolation {unknown}
 K - 3 scrolls of fog {unknown}
Potions
 b - a potion of haste
 d - 4 potions of might
 i - 3 potions of cancellation
 o - 4 potions of curing
 r - 3 potions of mutation {unknown}
 s - 4 potions of lignification {unknown}
 w - 3 potions of heal wounds {unknown}
 A - a potion of flight {unknown}
 C - 2 potions of attraction {unknown}
 H - a potion of resistance
 L - a potion of degeneration {unknown}


   Skills:
 + Level 7.9 Fighting
 + Level 11.3 Axes
 + Level 7.9 Armour
 + Level 3.1 Dodging
 + Level 0.5 Stealth
 + Level 7.4 Shields
 * Level 6.7 Invocations


You had 9 spell levels left.
You didn't know any spells.
Your spell library contained the following spells:

 Spells                   Type           Power      Damage    Failure   Level
 Shock                    Conj/Air       0%         1d3       100%        1
 Swiftness                Air            0%         N/A       100%        3
 Airstrike                Air            0%         2d(0-16)  100%        4


Dungeon Overview and Level Annotations

Branches:
Dungeon (8/15)             Temple (0/1) D:7            Lair (0/5) D:8
  Sewer (visited)

Altars:
Cheibriados
Elyvilon
Gozag
Hepliaklqana
Makhleb
Nemelex Xobeh
Okawaru
Qazlal
Trog
Xom
Yredelemnul
Zin
The Shining One

Shops:
D:4 :

Annotations:
D:8 1 transporter


Innate Abilities, Weirdness & Mutations

You have a pair of horns on your head.
You reflexively headbutt those who attack you in melee.


Message History

You hit the spark wasp. You headbutt the spark wasp.
The spark wasp is moderately wounded.
You hit the manticore but do no damage. You hit the howler monkey.
You block the spark wasp's attack. You block the manticore's attack. x2
The manticore barely misses you.
The howler monkey hits you but does no damage.
Unknown command.
You closely miss the spark wasp. You headbutt the spark wasp.
The spark wasp is moderately wounded.
You hit the howler monkey but do no damage.
You hit the manticore. The spark wasp stings you! The spark wasp shocks you.
You resist. You block the manticore's attack.
The manticore claws you but does no damage. x2
You block the spark wasp's attack. The howler monkey barely misses you.
You furiously retaliate!
You headbutt the howler monkey!
You kill the howler monkey!
You hit the manticore but do no damage. You headbutt the manticore!
The manticore is almost dead.
You hit the spark wasp. The spark wasp stings you! The spark wasp shocks you.
You resist. You block the manticore's attack.
The manticore claws you but does no damage.
You block the manticore's attack.
Unknown command.
You hit the manticore but do no damage. You headbutt the manticore.
You kill the manticore!
You hit the spark wasp. The spark wasp stings you!
* * * LOW HITPOINT WARNING * * *
The spark wasp shocks you. You resist.
* * * LOW HITPOINT WARNING * * *
The water moccasin bites you.
* * * LOW HITPOINT WARNING * * *
You are poisoned.
The water moccasin poisons you!
You slash the spark wasp!
The spark wasp is severely wounded.
You closely miss the water moccasin.
You feel sick. You block the spark wasp's attack.
The water moccasin bites you but does no damage.
The spark wasp stings you!!
You die...

?## ####..#####...####...#.# ##
#....##. ######. ###[..# .#
#.#.##.##........#⌠##..# .#
#.#.#..##.###.##.#$$#... .#
#.#.#...H.....##.'$.#..#
.#########.#.#..#..##S##..#.=#..#
.##..........##.##.#...##.####..#
.#...#####....#))#.##....##..8..#
......####...©#©@S....##..#©....#
..)........#..##(y###.###.#..8.##
#...(.######.##.#.# ...©#####.#
.....## #.##.##....##..#. #.#
###### #.##..#.##. #..'|.#.#
#.#..##.##.#.#.#[.#.# #.##.#
H..#Co..#⌠##.# #..## #####..##
..# ##..#####..)####....#


You could see a spark wasp and a water moccasin.

Vanquished Creatures
  A cyclops (D:8)
  A manticore (D:8)
  Grum (D:8)
  A steam dragon (D:7)
  Menkaure (D:5)
  5 water moccasins
  3 orc warriors
  3 black bears
  4 ice beasts
  2 wolves (D:8)
  2 ogres (D:5)
  3 centaurs
  A phantom (D:5)
  3 bullfrogs
  Blork the orc (D:5)
  3 necrophages
  4 scorpions
  2 howler monkeys (D:8)
  7 crimson imps (D:7)
  4 hounds
  6 jellies
  An orc priest (D:6)
  5 iguanas
  2 gnoll boudas
  9 orc wizards
  11 gnolls
  16 adders
  4 river rats
  A shadow imp (D:7)
  4 white imps
  5 worms
  5 dart slugs
  23 orcs
  12 endoplasms
  10 giant cockroaches
  5 goblins
  9 hobgoblins
  8 jackals (D:2)
  4 kobolds
  3 quokkas (D:4)
  10 ball pythons
  4 bats
  4 frilled lizards
  11 rats
224 creatures vanquished.

Vanquished Creatures (others)
  4 plants (D:7)
4 creatures vanquished.

Grand Total: 228 creatures vanquished

Notes
Turn   | Place    | Note
-------+----------+-------------------------------------------
     0 | D:1      | Exodus22XD the Minotaur Fighter began the quest for the
                  | Orb.
     0 | D:1      | Reached XP level 1. HP: 19/19 MP: 0/0
   291 | D:1      | Found a faded altar of an unknown god.
   355 | D:1      | Reached XP level 2. HP: 27/27 MP: 1/1
   379 | D:1      | Prayed at the altar of an unknown god.
   379 | D:1      | Became a worshipper of the Shining One
   379 | D:1      | Reached * piety under the Shining One
  1172 | D:2      | Reached XP level 3. HP: 32/33 MP: 2/2
  1193 | D:2      | Found a stormy altar of Qazlal.
  1546 | D:2      | Reached skill level 3 in Axes
  1636 | D:2      | Identified the +13 plate armour of the Unbroken {rElec}
  2041 | D:3      | Reached XP level 4. HP: 41/41 MP: 3/3
  2593 | D:3      | Found an opulent altar of Gozag.
  2671 | D:3      | Found a shimmering altar of Xom.
  2851 | D:4      | Found Yhegeb's Self-Improvement Boutique.
  2859 | D:4      | Reached skill level 4 in Axes
  2860 | D:4      | Reached XP level 5. HP: 34/47 MP: 4/4
  2906 | D:4      | Reached ** piety under the Shining One
  2936 | D:4      | Found a glowing drain.
  2941 | Sewer    | Entered a sewer
  2995 | Sewer    | Reached skill level 1 in Dodging
  2996 | Sewer    | Reached skill level 5 in Axes
  3109 | Sewer    | Reached XP level 6. HP: 38/53 MP: 5/5
  3234 | Sewer    | Found a viscous altar of Jiyva.
  3446 | D:4      | Found a glowing silver altar of Zin.
  3446 | D:4      | Found a burning altar of Makhleb.
  3447 | D:4      | Noticed an Executioner
  3447 | D:4      | Noticed an angel
  3529 | D:4      | Found an iron altar of Okawaru.
  3563 | D:4      | Reached skill level 5 in Armour
  3566 | D:4      | Reached skill level 1 in Invocations
  3632 | D:4      | Found a bloodstained altar of Trog.
  3673 | D:4      | Reached skill level 5 in Fighting
  3779 | D:4      | Found a sparkling altar of Nemelex Xobeh.
  3781 | D:4      | Found a basalt altar of Yredelemnul.
  3856 | D:4      | Reached skill level 6 in Axes
  3856 | D:4      | Reached XP level 7. HP: 52/61 MP: 7/7
  4389 | D:5      | Entered Level 5 of the Dungeon
  4389 | D:5      | Noticed Blork the orc
  4392 | D:5      | Killed Blork the orc
  4455 | D:5      | Reached skill level 5 in Shields
  4473 | D:5      | Reached skill level 7 in Axes
  4475 | D:5      | Reached XP level 8. HP: 29/69 MP: 4/9
  4975 | D:5      | Noticed Menkaure
  4985 | D:5      | Killed Menkaure
  5108 | D:5      | Identified the +3 plate armour "Poxiw" {Contam MP+9 Int+4}
  5162 | D:5      | Reached skill level 8 in Axes
  5165 | D:5      | Reached *** piety under the Shining One
  5738 | D:6      | Reached XP level 9. HP: 31/78 MP: 11/11
  5954 | D:6      | Reached skill level 5 in Invocations
  5961 | D:6      | Reached skill level 9 in Axes
  6100 | D:6      | Found a transporter.
  6527 | D:6      | Found a transporter.
  6801 | D:7      | Reached skill level 10 in Axes
  7210 | D:7      | Found a staircase to the Ecumenical Temple.
  7232 | D:7      | Reached **** piety under the Shining One
  7406 | D:7      | Found a hazy altar of Hepliaklqana.
  7449 | D:8      | Noticed Grum
  7460 | D:8      | Killed Grum
  7461 | D:8      | Reached XP level 10. HP: 61/86 MP: 13/13
  7798 | D:8      | Noticed a cane toad
  7848 | D:8      | Found a staircase to the Lair.
  7956 | D:8      | Found a white marble altar of Elyvilon.
  8130 | D:8      | Found a snail-covered altar of Cheibriados.
  8138 | D:8      | Noticed a cyclops
  8139 | D:8      | Noticed a manticore
  8212 | D:8      | Found a transporter.
  8212 | D:8      | Found a transporter.
  8225 | D:8      | Noticed a guardian serpent
  8226 | D:8      | Reached skill level 11 in Axes
  8235 | D:8      | Noticed a harpy
  8235 | D:8      | a guardian serpent changed into a harpy
  8236 | D:8      | Killed a cyclops
  8249 | D:8      | HP: 4/88 [manticore/volley of spikes (5)]
  8629 | D:8      | Noticed a spark wasp
  8638 | D:8      | Killed a manticore
  8639 | D:8      | Slain by a spark wasp (shapeshifter)

Illustrated notes

Levels and vault maps discovered:
D:1:      saegor_arrival_fortress, layout_basic, ebering_ecumenical_altar_box,
          minmay_tetromino_l2
D:2:      cheibrodos_old_hovel, layout_basic, basic_altar
D:3:      layout_basic, nicolae_overflow_crystal_walls, tgw_xom
D:4:      layout_basic, grunt_temple_overflow_order_and_chaos_2,
          lemuel_doored_altar, nicolae_overflow_hidden_temple,
          trog_butcher_becter, lightli_sewer_entry_pipes, grunt_ministairs_13,
          hangedman_decor_diamond_cutter, nicolae_shop_self_help
D:5:      layout_rooms, enter_ossuary_3, minmay_joined_circles,
          uniq_blork_the_orc, uniq_menkaure
D:6:      gammafunk_cloud_chamber, layout_basic
D:7:      layout_rooms, old_standard_altar, minmay_temple_entry_gardened_gates,
          minmay_nine_imps
D:8:      gammafunk_the_bubble [the_bubble_gammafunk_crates], layout_loops_ring,
          general_overflow_altar, overflow_temple_1_default, lair_entry_dummy,
          uniq_grum

Skill      XL: |  1  2  3  4  5  6  7  8  9 10 |
---------------+-------------------------------+-----
Shields        | 4 5 7 |  7.4
Armour         | 4 5 6 7 |  7.9
Fighting       | 4 5 6 7 |  7.9
Axes           | 3 4 5 6 7 8 10 11 | 11.3
Dodging        | 1 2 3 |  3.1
Invocations    | 1 3 4 6 |  6.7
Stealth        | |  0.5

Action                   |  1- 3 |  4- 6 |  7- 9 | 10-12 || total
-------------------------+-------+-------+-------+-------++-------
Melee: War axe           |    65 |   141 |   250 |    26 ||   482
       Headbutt          |    10 |    23 |    65 |    21 ||   119
       Hand axe          |       |       |       |    34 ||    34
Invok: Divine Shield     |       |       |     1 |     1 ||     2
  Use: Scroll            |       |     5 |     1 |     6 ||    12
       Potion            |       |       |     1 |     2 ||     3
Armor: Scale mail        |    17 |    41 |    40 |       ||    98
       Plate armour      |       |       |    51 |    62 ||   113
Dodge: Dodged            |    25 |    61 |    84 |    14 ||   184
Block: Buckler           |    13 |    79 |   131 |    57 ||   280
       Reflection        |       |       |     4 |     1 ||     5
